 Dungeon Crawl Stone Soup version 0.24.0-1-gfbc8707122 (webtiles) character file.

Game seed: 6343339540537667609, levelgen mode: classic

99 EnegeticOcto the Skirmisher (level 4, -6/40 HPs)
             Began as a Minotaur Fighter on Oct 27, 2019.
             Was an Initiate of Makhleb.
             Killed by divine providence
             ... invoked by an orc priest
              (16 damage)
             ... on level 3 of the Dungeon.
             The game lasted 00:01:08 (1979 turns).

EnegeticOcto the Skirmisher (Minotaur Fighter)      Turns: 1979, Time: 00:01:08

Health: -6/40      AC:  8    Str: 22    XL:     4   Next: 45%
Magic:  3/3        EV: 10    Int:  5    God:    Makhleb [......]
Gold:   109        SH:  9    Dex:  9    Spells: 3/3 levels left

rFire    . . .     SeeInvis .   a - +0 war axe
rCold    . . .     Gourm    .   c - +0 shield
rNeg     . . .     Faith    .   b - +0 scale mail
rPois    .         Spirit   .   (helmet restricted)
rElec    .         Reflect  .   (no cloak)
rCorr    .         Harm     +   (no gloves)
MR       .....                  (no boots)
Stlth    ..........             r - amulet of harm
HPRegen  0.13/turn              q - +1 ring of protection
MPRegen  0.08/turn              h - +2 ring of evasion

@: no status effects
A: retaliatory headbutt, horns 2
a: Renounce Religion


You were on level 3 of the Dungeon.
You worshipped Makhleb.
Makhleb was noncommittal.
You were not hungry.

You visited 1 branch of the dungeon, and saw 3 of its levels.

You collected 109 gold pieces.

Inventory:

Hand Weapons
 a - a +0 war axe (weapon)
Armour
 b - a +0 scale mail (worn)
 c - a +0 shield (worn)
Jewellery
 h - a +2 ring of evasion (right hand)
 q - a +1 ring of protection (left hand)
 r - an amulet of harm (around neck)
Scrolls
 k - a scroll of immolation {unknown}
 l - a scroll of teleportation {unknown}
 m - a scroll of amnesia {unknown}
 n - a scroll of remove curse {unknown}
 o - 2 scrolls of identify {unknown}
 u - 2 scrolls of fog {unknown}
Potions
 d - a potion of might {@q3 !q}
 f - a potion of berserk rage {unknown}
 i - 2 potions of flight {unknown}
 j - 2 potions of degeneration {unknown}
 p - 2 potions of haste {unknown}
 s - a potion of cancellation {unknown}
 t - a potion of brilliance {unknown}
Comestibles
 e - 4 rations
 g - 2 chunks of flesh


   Skills:
 + Level 4.2 Fighting
 * Level 3.9 Axes
 + Level 4.1 Armour
 + Level 1.3 Dodging
 + Level 4.1 Shields
 * Level 0.4 Invocations


You had 3 spell levels left.
You didn't know any spells.
Your spell library contained the following spells:

 Spells                   Type           Power        Failure   Level  Hunger
 Confusing Touch          Hex            #.....       99%         1    ##.....
 Confuse                  Hex            #.......     100%        3    ####...
 Gell's Gravitas          Tloc           #.........   100%        3    ####...
 Petrify                  Tmut/Erth      #.......     100%        4    #####..
 Metabolic Englaciation   Hex/Ice        #.........   100%        5    ######.
 Yara's Violent Unravell  Hex/Tmut       #.........   100%        5    ######.


Dungeon Overview and Level Annotations

Branches:
Dungeon (3/15)

Altars:
Kikubaaqudgha
Makhleb


Innate Abilities, Weirdness & Mutations

You reflexively headbutt those who attack you in melee.
You have a pair of horns on your head.


Message History

You butcher the frilled lizard corpse.
g - 2 chunks of flesh (gained 1)
You see here a frilled lizard skeleton. x2
A dart slug comes into view.
The dart slug launches a dart at you. The slug dart hits you.
A dart slug is nearby!
The dart slug barely misses you.
You slash the dart slug!
You kill the dart slug!
Makhleb accepts your kill.
No target in view!
No target in view!
No target in view!
No target in view!
HP restored.
You butcher the dart slug corpse.
g - 3 chunks of flesh (gained 1)
u - 2 scrolls labeled CEAJEM NOY (gained 1)
You now have 109 gold pieces (gained 4).
You see here a bat skeleton.
An adder and a kobold come into view.
The kobold shouts!
The adder hisses angrily.
The adder barely misses you.
There are monsters nearby!
There are monsters nearby!
You closely miss the adder. The adder closely misses you.
The kobold throws a stone.
You block the stone. You block the adder's attack.
The kobold throws a stone.
The stone barely misses you.
You closely miss the adder. The adder bites you but does no damage.
The adder barely misses you.
You slash the adder!
You kill the adder!
Makhleb accepts your kill.
You barely miss the kobold. The kobold hits you but does no damage.
You closely miss the kobold. The kobold hits you. x2
You barely miss the kobold. The kobold barely misses you.
You furiously retaliate!
You headbutt the kobold. You closely miss the kobold.
The kobold is heavily wounded.
The kobold completely misses you. You furiously retaliate!
You headbutt the kobold. The kobold hits you.
You closely miss the kobold.
The kobold is severely wounded.
The kobold hits you but does no damage.
You slash the kobold!
You kill the kobold!
Makhleb accepts your kill.
Things that are here:
a stone; a kobold corpse You butcher the adder corpse.
g - 5 chunks of flesh (gained 2)
You see here an adder skeleton. x2
You see here 2 stones.
Found a helmet.
No target in view!
No target in view!
A rat comes into view.
A rat is nearby!
The rat twitches its whiskers.
The rat bites you but does no damage.
You barely miss the rat. The rat bites you. The rat misses you.
You slash the rat!
You kill the rat!
Makhleb accepts your kill.
No target in view!
No target in view!
Some of the chunks of flesh in your inventory have rotted away.
Some of the chunks of flesh in your inventory have rotted away.
Found a hunting sling.
A bat comes into view.
A bat is nearby!
You see here a hunting sling.
You closely miss the bat. You block the bat's attack. x2
The bat hits you but does no damage.
Found a stone staircase leading up.
You closely miss the bat. Your headbutt misses the bat.
You block the bat's attack.
An orc priest comes into view. It is wielding a +0 mace.
The orc priest shouts!
You hear a shout!
A kobold comes into view. It is wielding a +0 dagger.
The orc priest calls down the wrath of Beogh upon you.
Beogh smites you! The bat hits you but does no damage.
There are monsters nearby!
There are monsters nearby!
You miss the bat.
The kobold shouts!
You headbutt the bat.
You kill the bat!
Makhleb accepts your kill.
The kobold throws a stone.
You block the stone.
An orc comes into view. It is wielding a +0 hand axe.
You see here a bat corpse.
The orc shouts!
You hear a shout!
The orc priest invokes the aid of Beogh against you.
Pain shoots through your body!
* * * LOW HITPOINT WARNING * * *
The orc priest calls down the wrath of Beogh upon you.
Beogh smites you!
You die...

######### #.......#
..####### #.#####.#
#..o.o..######.#####.#
#@.†(.).....##.#
#.......###.##.##.#
#<#...#.# #.##.##.# #
#...#.# #.......#
#...#.# ####.####
#.###K# #.# .. ...
##.# ... ... #..#
##.##


You could see an orc priest and an orc.

Vanquished Creatures
  Jessica (D:2)
  2 adders
  2 worms
  4 dart slugs
  A leopard gecko (D:1)
  A giant cockroach (D:1)
  3 hobgoblins
  4 jackals (D:2)
  A quokka (D:3)
  9 bats
  3 frilled lizards
  3 goblins
  5 kobolds
  6 rats
45 creatures vanquished.

Notes
Turn   | Place    | Note
-------+----------+-------------------------------------------
     0 | D:1      | EnegeticOcto the Minotaur Fighter began the quest for the
                  | Orb.
     0 | D:1      | Reached XP level 1. HP: 19/19 MP: 0/0
   276 | D:1      | Reached XP level 2. HP: 23/27 MP: 1/1
   939 | D:2      | Reached XP level 3. HP: 31/33 MP: 2/2
   989 | D:2      | Found an ancient bone altar of Kikubaaqudgha.
  1104 | D:2      | Found a burning altar of Makhleb.
  1118 | D:2      | Noticed Jessica
  1123 | D:2      | Killed Jessica
  1123 | D:2      | Reached skill level 1 in Dodging
  1124 | D:2      | Reached XP level 4. HP: 33/40 MP: 3/3
  1127 | D:2      | Became a worshipper of Makhleb the Destroyer
  1979 | D:3      | Killed from afar by an orc priest

Levels and vault maps discovered:
D:1:      evilmike_arrival_run_for_it, layout_loops_corners
D:2:      layout_basic, overflow_temple_1_default, kiku_gazebo_garden_becter,
          uniq_jessica
D:3:      layout_loops_cross, lemuel_doored_altar, led_xom_imps

Skill      XL: |  1  2  3 |
---------------+----------+-----
Axes           | 3 |  3.9
Shields        | 4 |  4.1
Fighting       | 4 |  4.2
Armour         | 4 |  4.1
Dodging        | 1 |  1.3
Invocations    | |  0.4

Action                   |  1- 3 |  4- 6 || total
-------------------------+-------+-------++-------
Melee: War axe           |    66 |    25 ||    91
       Headbutt          |     8 |     2 ||    10
  Eat: Chunk             |     1 |     2 ||     3
Armor: Scale mail        |    41 |    11 ||    52
Dodge: Dodged            |    26 |    12 ||    38
Block: Shield            |    48 |    10 ||    58
